 Dungeon Crawl Stone Soup version 0.31-a0-152-g6aa68a64a1 (webtiles) character file.

Game seed: 13445407979698475413

216 qw the Shooter (level 5, -9/49 HPs)
             Began as a Naga Hunter on June 9, 2023.
             Was an Initiate of Okawaru.
             Mangled by Duvessa
             ... wielding a +0 rapier
              (10 damage)
             ... on level 4 of the Dungeon.
             The game lasted 00:00:56 (2856 turns).

qw the Shooter (Naga Hunter)                        Turns: 2856, Time: 00:00:56

Health: -9/49      AC: 10    Str: 13    XL:     5   Next: 93%
Magic:  5/5        EV: 13    Int: 13    God:    Okawaru [......]
Gold:   177        SH:  0    Dex: 16    Spells: 4/4 levels left

rFire   + . .        Y - +0 shortbow
rCold   . . .        (shield currently unavailable)
rNeg    + + .        k - +5 ring mail of Ashenzari's Delight {rPois rN++ Int+3 Stlth-}
rPois   +            (no helmet)
rElec   .            h - +0 cloak
rCorr   .            (no gloves)
SInv    +            (no barding)
Will    .....        f - amulet of the acrobat Stlth
                     m - ring of protection from fire
HPRegen 0.28/turn    j - +5 ring of evasion
MPRegen 0.09/turn

%: acrobat
@: about to teleport, very slow
A: AC +1, large, see invisible, deformed body, poison resistance, slowness 2,
spit poison 1, naga tail 1
a: Spit Poison, Renounce Religion


You were on level 4 of the Dungeon.
You worshipped Okawaru.
Okawaru was noncommittal.
You visited 2 branches of the dungeon, and saw 5 of its levels.

You collected 177 gold pieces.


Innate Abilities, Weirdness & Mutations

Your serpentine skin is tough. (AC +1)
You have supernaturally acute eyesight. (SInv)
Armour fits poorly on your strangely shaped body.
Your system is resistant to poisons. (rPois)
You cover ground very slowly.
You can spit poison.
You have a snake-like lower body.


   Skills:
 - Level 3.4 Fighting
 + Level 5.2 Ranged Weapons
 - Level 1.6 Armour
 - Level 1.5 Dodging
 - Level 1.5 Stealth


You had 4 spell levels left.
You didn't know any spells.
Your spell library was empty.

Inventory:

Hand Weapons
 Y - a +0 shortbow (weapon)
Armour
 h - a +0 cloak (worn)
 k - the +5 ring mail of Ashenzari's Delight (worn) {rPois rN++ Int+3 Stlth-}
   (You found it on level 3 of the Dungeon)

   Int:       It affects your intelligence (+3).
   rPois:     It protects you from poison.
   rN:        It greatly protects you from negative energy.
   Stlth:     It makes you less stealthy.
Jewellery
 d - a ring of resist corrosion
 f - an amulet of the acrobat (around neck)
 i - a ring of fire
 j - a +5 ring of evasion (right hand)
 m - a ring of protection from fire (left hand)
Scrolls
 a - 2 scrolls of identify
 q - a scroll of teleportation
Potions
 b - a potion of mutation
 c - a potion of degeneration {unknown}
 g - a potion of curing

Dungeon Overview and Level Annotations

Branches:
Dungeon (4/15)             Temple (1/1) D:4

Altars:
Ashenzari
Cheibriados
Dithmenos
Gozag
Hepliaklqana
Kikubaaqudgha
Makhleb
Okawaru
Qazlal
Sif Muna
Trog
Uskayaw
Vehumet
Wu Jian
Xom
The Shining One

Shops:
D:4 (

Annotations:
D:4 2 transporters, Dowan, Duvessa


Message History

Dowan misses you.
You shoot an arrow.
The arrow hits Duvessa but does no damage.
Duvessa is heavily wounded.
You have got your breath back.
Duvessa completely misses you. Dowan hits you but does no damage.
Duvessa completely misses you.
2850 ||| INVOKING Spit Poison.
Aiming: Spit Poison (1% risk of failure)
Press: ? - help, Shift-Dir - straight line, f/p - Duvessa The splash of poison hits Duvessa but does no damage.
Duvessa is heavily wounded.
Duvessa hits you with a +0 rapier! Dowan hits you but does no damage.
You shoot an arrow. The arrow hits Duvessa.
Duvessa is severely wounded.
Duvessa hits you with a +0 rapier.
Dowan gestures wildly while chanting.
Dowan blinks!
Duvessa hits you with a +0 rapier!
You shoot an arrow.
The arrow hits Duvessa but does no damage.
Duvessa is severely wounded.
Duvessa hits you with a +0 rapier. Duvessa closely misses you.
You shoot an arrow. The arrow barely misses Duvessa.
Duvessa completely misses you. Duvessa barely misses you.
Dowan hits you with a +3 dagger.
You shoot an arrow. The arrow hits Duvessa.
Duvessa is severely wounded.
Duvessa hits you but does no damage. Dowan misses you.
Duvessa closely misses you.
You shoot an arrow. The arrow barely misses Duvessa.
You have got your breath back.
Duvessa hits you but does no damage. Dowan hits you but does no damage.
Duvessa hits you with a +0 rapier!
2856 ||| READING 2 scrolls of teleportation.
As you read the scroll of teleportation, it crumbles to dust.
You feel strangely unstable.
Dowan smirks and points a slender finger.
Dowan casts a spell at you. The puff of frost hits you!
Duvessa hits you with a +0 rapier!
You die...

#.# #. .......## ####
#.# #.. ##.....# #.#
#. # ##.. ###...##
#.# ..#...####.....#
##.#
#..............##
##.##
#..........#...###.##
#.........####...<##
#....ee..## ##...#
#..##.@.## #..## #
#..## #...## ## #.##
#.##..###. #.. #.#
##..#.# #.# #.#
##..## .# #.# #### ##
#.# #.


You could see Duvessa (fast) and Dowan.

Vanquished Creatures
  A bullfrog (D:4)
  2 orc priests (D:3)
  5 adders
  6 orcs (D:3)
  An endoplasm (D:1)
  3 giant cockroaches
  6 goblins
  6 hobgoblins
  2 kobolds
  A quokka (D:1)
  4 ball pythons
  3 bats
  4 frilled lizards
  4 rats
48 creatures vanquished.

Notes
Turn   | Place    | Note
-------+----------+-------------------------------------------
     0 | D:1      | qw the Naga Hunter began the quest for the Orb.
     0 | D:1      | Reached XP level 1. HP: 19/19 MP: 1/1
     0 | D:1      | 0 ||| qw: Version: 0.2-a-122-gbc61b45
     0 | D:1      | 0 ||| qw: Game counter: 3432
     0 | D:1      | 0 ||| qw: Always use a shield: true
     0 | D:1      | 0 ||| qw: God list: Okawaru
     0 | D:1      | 0 ||| qw: Allow faded altars: false
     0 | D:1      | 0 ||| qw: Do Orc after D:15 true
     0 | D:1      | 0 ||| qw: Do second Lair branch before Depths: true
     0 | D:1      | 0 ||| qw: Lair rune preference: random
     0 | D:1      | 0 ||| qw: Plans: Normal
     0 | D:1      | 0 ||| PLANNING D:1-11
    88 | D:1      | 88 ||| INVOKING Spit Poison.
   123 | D:1      | 123 ||| INVOKING Spit Poison.
   130 | D:1      | 130 ||| INVOKING Spit Poison.
   165 | D:1      | 165 ||| INVOKING Spit Poison.
   197 | D:1      | Reached skill level 4 in Ranged Weapons
   197 | D:1      | Reached XP level 2. HP: 26/26 MP: 2/2
   225 | D:1      | 225 ||| INVOKING Spit Poison.
   362 | D:1      | 362 ||| INVOKING Spit Poison.
   367 | D:1      | 367 ||| INVOKING Spit Poison.
   371 | D:1      | 371 ||| INVOKING Spit Poison.
   544 | D:1      | 544 ||| INVOKING Spit Poison.
   548 | D:1      | 548 ||| INVOKING Spit Poison.
   647 | D:1      | 647 ||| INVOKING Spit Poison.
   779 | D:1      | 779 ||| UPGRADING to amulet of guardian spirit.
   784 | D:1      | 784 ||| UPGRADING to ring of resist corrosion.
   785 | D:1      | 785 ||| UPGRADING to +5 ring of evasion.
   786 | D:1      | 786 ||| UPGRADING to ring of protection from fire.
   788 | D:1      | 788 ||| READING 2 scrolls labelled ZUUNEXACVA.
   789 | D:1      | 789 ||| READING scroll labelled JICKEMIONU.
   790 | D:1      | 790 ||| READING scroll labelled LIR GU FUACLOUCOFI.
   791 | D:1      | 791 ||| DROPPING scroll of butterflies.
   832 | D:2      | 832 ||| INVOKING Spit Poison.
   836 | D:2      | 836 ||| INVOKING Spit Poison.
   842 | D:2      | 842 ||| INVOKING Spit Poison.
   857 | D:2      | Reached XP level 3. HP: 32/32 MP: 3/3
   925 | D:2      | 925 ||| INVOKING Spit Poison.
   928 | D:2      | 928 ||| INVOKING Spit Poison.
   972 | D:2      | 972 ||| INVOKING Spit Poison.
   984 | D:2      | 984 ||| INVOKING Spit Poison.
   990 | D:2      | 990 ||| INVOKING Spit Poison.
  1022 | D:2      | 1022 ||| INVOKING Spit Poison.
  1062 | D:2      | 1062 ||| INVOKING Spit Poison.
  1277 | D:2      | 1277 ||| READING scroll labelled EMOECI GIBBAU.
  1282 | D:2      | 1282 ||| READING scroll labelled ATEDDU HAOSK.
  1283 | D:2      | 1283 ||| DRINKING 2 sedimented clear potions.
  1284 | D:2      | 1284 ||| READING 2 scrolls of identify.
  1284 | D:2      | 1284 ||| IDENTIFYING lumpy sapphire potion
  1285 | D:2      | 1285 ||| DROPPING potion of berserk rage.
  1286 | D:2      | 1286 ||| DROPPING potion of brilliance.
  1416 | D:3      | 1416 ||| INVOKING Spit Poison.
  1420 | D:3      | 1420 ||| INVOKING Spit Poison.
  1424 | D:3      | Reached skill level 5 in Ranged Weapons
  1424 | D:3      | Reached XP level 4. HP: 37/39 MP: 2/4
  1433 | D:3      | 1433 ||| INVOKING Spit Poison.
  1440 | D:3      | 1440 ||| INVOKING Spit Poison.
  1443 | D:3      | 1443 ||| INVOKING Spit Poison.
  1447 | D:3      | 1447 ||| INVOKING Spit Poison.
  1451 | D:3      | 1451 ||| INVOKING Spit Poison.
  1451 | D:3      | HP: 10/40 [orc priest/+0 dagger (2)]
  1455 | D:3      | Reached skill level 3 in Fighting
  1455 | D:3      | Reached XP level 5. HP: 13/49 MP: 1/5
  1623 | D:3      | 1623 ||| INVOKING Spit Poison.
  1670 | D:3      | Identified the +5 ring mail of Ashenzari's Delight {rPois
                  | rN++ Int+3 Stlth-}
  1800 | D:3      | Found a hide-covered altar of Uskayaw.
  1839 | D:3      | 1839 ||| INVOKING Spit Poison.
  1842 | D:3      | 1842 ||| INVOKING Spit Poison.
  1931 | D:3      | 1931 ||| INVOKING Spit Poison.
  1982 | D:3      | 1982 ||| INVOKING Spit Poison.
  2082 | D:3      | 2082 ||| INVOKING Spit Poison.
  2278 | D:3      | 2278 ||| UPGRADING to +0 cloak.
  2283 | D:3      | 2283 ||| UPGRADING to +5 ring mail of Ashenzari's Delight
                  | {rPois rN++ Int+3 Stlth-}.
  2293 | D:3      | 2293 ||| DROPPING +0 leather armour.
  2294 | D:3      | 2294 ||| DROPPING +6 ring of intelligence.
  2295 | D:3      | 2295 ||| READING scroll labelled PUIDUO EZUENEN.
  2296 | D:3      | 2296 ||| READING scroll labelled ILLUAF ZUBI.
  2297 | D:3      | 2297 ||| READING 3 scrolls of identify.
  2297 | D:3      | 2297 ||| IDENTIFYING smoky green potion
  2298 | D:3      | 2298 ||| READING 2 scrolls of identify.
  2298 | D:3      | 2298 ||| IDENTIFYING sapphire potion
  2299 | D:3      | 2299 ||| DROPPING potion of enlightenment.
  2358 | D:4      | Found Foassior's Antique Weapon Boutique.
  2360 | D:4      | Found a transporter.
  2378 | D:4      | 2378 ||| INVOKING Spit Poison.
  2383 | D:4      | 2383 ||| INVOKING Spit Poison.
  2384 | D:4      | Reached skill level 1 in Armour
  2406 | D:4      | 2406 ||| INVOKING Spit Poison.
  2418 | D:4      | Found a staircase to the Ecumenical Temple.
  2419 | D:4      | 2419 ||| PLANNING TEMPLE
  2419 | D:4      | 2419 ||| READING 2 scrolls of identify.
  2419 | D:4      | 2419 ||| IDENTIFYING red potion
  2424 | Temple   | Entered the Ecumenical Temple
  2434 | Temple   | 2434 ||| PLANNING OKAWARU WORSHIP
  2439 | Temple   | Became a worshipper of Warmaster Okawaru
  2439 | Temple   | 2439 ||| PLANNING D:1-11
  2440 | Temple   | 2440 ||| REMOVING amulet of guardian spirit.
  2445 | Temple   | 2445 ||| UPGRADING to amulet of the acrobat.
  2450 | Temple   | 2450 ||| DROPPING amulet of guardian spirit.
  2596 | D:4      | 2596 ||| INVOKING Spit Poison.
  2686 | D:4      | 2686 ||| INVOKING Spit Poison.
  2709 | D:4      | 2709 ||| INVOKING Spit Poison.
  2748 | D:4      | Found a transporter.
  2838 | D:4      | Noticed Duvessa
  2840 | D:4      | 2840 ||| INVOKING Spit Poison.
  2840 | D:4      | Noticed Dowan
  2844 | D:4      | 2844 ||| INVOKING Spit Poison.
  2850 | D:4      | 2850 ||| INVOKING Spit Poison.
  2855 | D:4      | HP: 8/49 [Duvessa/+0 rapier (7)]
  2856 | D:4      | 2856 ||| READING 2 scrolls of teleportation.
  2856 | D:4      | HP: 1/49 [Dowan/puff of frost (7)]
  2856 | D:4      | Mangled by Duvessa

Levels and vault maps discovered:
D:1:      psy_arrival_dodecagon, layout_loops_corners
D:2:      layout_rooms
D:3:      layout_loops_corners, nicolae_uskayaw_dance_hall, minivault_25
D:4:      layout_layer_cave, minmay_temple_entry_offerings,
          gammafunk_ghost_mausoleum, serial_shops, nicolae_shop_stone,
          uniq_ijyb, uniq_duvessa
Temple:   hellmonk_temple_two_chambers

Skill      XL: |  1  2  3  4  5 |
---------------+----------------+-----
Ranged Weapons | 4 5 |  5.2
Fighting       | 3 |  3.4
Armour         | 1 |  1.6
Dodging        | |  1.5
Stealth        | |  1.5

Action                     |  1- 3 |  4- 6 || total
---------------------------+-------+-------++-------
   Fire: Shortbow          |    59 |    47 ||   106
Ability: Spit Poison       |    23 |    20 ||    43
    Use: Scroll            |     6 |     6 ||    12
         Potion            |     1 |       ||     1
 Armour: Leather armour    |     7 |       ||     7
         Ring mail         |       |    14 ||    14
  Dodge: Dodged            |    14 |    19 ||    33

Table legend:
 A = Non-vault XP
 B = Vault XP
 C = Vault XP percentage of total XP
 D = Non-vault monster count
 E = Vault monster count
 F = Vault count percentage of total count
                 A         B        C        D         E       F
            +---------+---------+-------+---------+---------+-------
      Total |     309 |       0 |   0.0 |      48 |       0 |   0.0
            +---------+---------+-------+---------+---------+-------
        D:1 |      27 |       0 |   0.0 |      16 |       0 |   0.0
        D:2 |      46 |       0 |   0.0 |      13 |       0 |   0.0
        D:3 |     111 |       0 |   0.0 |      14 |       0 |   0.0
        D:4 |     125 |       0 |   0.0 |       5 |       0 |   0.0
            +---------+---------+-------+---------+---------+-------
